 Seeded DCSS version 0.29.1-1-gd02db6906a (webtiles) character file.

Game seed: 8800239265270809476 (custom seed)

1963 GigaChad the Fighter (level 9, -1/94 HPs)
             Began as a Minotaur Fighter on Sept 28, 2022.
             Was an Initiate of Ashenzari.
             Slain by an orc warrior
             ... wielding a +0 halberd
              (12 damage)
             ... on level 7 of the Dungeon.
             The game lasted 00:09:39 (5600 turns).

GigaChad the Fighter (Minotaur Fighter)             Turns: 5600, Time: 00:09:39

Health: -1/94      AC: 12    Str: 23    XL:     9   Next: 0%
Magic:  8/8        EV:  7    Int:  5    God:    Ashenzari [......]
Gold:   231        SH:  5    Dex: 15    Spells: 8/8 levels left

rFire   + . .      SeeInvis +   a - +0 war axe
rCold   x . .      Faith    .   c - +0 buckler
rNeg    + . .      Spirit   .   w - +0 chain mail
rPois   .          Reflect  .   (helmet restricted)
rElec   .          Harm     .   A - +0 cloak
rCorr   .          Rampage  .   (no gloves)
Will    .....                   m - +0 pair of boots "Lashed Water Diviner" {Range, Fort} (curse)
Stlth   ..........              (no amulet)
HPRegen 0.25/turn               f - ring "Doriecac" {Fire rN+ Dex+3 SInv}
MPRegen 0.11/turn               (no ring)

@: no status effects
A: horns 2, retaliatory headbutt
a: Renounce Religion, Shatter the Chains


You were on level 7 of the Dungeon.
You worshipped Ashenzari.
Ashenzari was noncommittal.
You visited 2 branches of the dungeon, and saw 8 of its levels.
You also visited: Ossuary.

You collected 231 gold pieces.

Inventory:

Hand Weapons
 a - a +0 war axe (weapon)
Missiles
 i - a throwing net (quivered)
Armour
 b - a +0 scale mail
 c - a +0 buckler (worn)
 m - the cursed +0 pair of boots "Lashed Water Diviner" (worn) {Range, Fort}
   (You found it on level 2 of the Dungeon)

   It has a curse which improves the following skills: Ranged Combat: Ranged
   Weapons and Throwing.
   Fortitude: Armour and Shields.
 w - a +0 chain mail (worn)
 A - a +0 cloak (worn)
Jewellery
 f - the ring "Doriecac" (left hand) {Fire rN+ Dex+3 SInv}
   (You acquired it on level 1 of the Dungeon)

   [ring of fire]

   It enhances your fire magic.
   Dex:       It affects your dexterity (+3).
   rF:        It protects you from fire.
   rC:        It makes you vulnerable to cold.
   rN:        It protects you from negative energy.
   SInv:      It lets you see invisible.
Wands
 u - a wand of paralysis (10)
 y - a wand of flame (26)
Scrolls
 e - 2 scrolls of teleportation {unknown}
 g - 2 scrolls of blinking {unknown}
 h - 2 scrolls of noise {unknown}
 j - a scroll of enchant weapon {unknown}
 n - 5 scrolls of identify {unknown}
 o - a scroll of silence {unknown}
 s - 3 scrolls of butterflies {unknown}
 v - a scroll of vulnerability {unknown}
 z - a scroll of immolation {unknown}
 B - a scroll of magic mapping
 C - a scroll of poison {unknown}
Potions
 d - 2 potions of might
 k - a potion of invisibility {unknown}
 l - 3 potions of mutation {unknown}
 p - a potion of heal wounds {unknown}
 q - 2 potions of berserk rage {unknown}
 r - 6 potions of curing {unknown}
 t - 3 potions of flight {unknown}
 x - 4 potions of haste {unknown}


   Skills:
 + Level 13.9 Fighting
 - Level 3.0 Axes
 - Level 4.1(4.5) Armour
 - Level 4.0(4.4) Shields


You had 8 spell levels left.
You didn't know any spells.
Your spell library contained the following spells:

 Spells                   Type           Power      Damage    Failure   Level
 Freeze                   Ice            0%         1d3       99%         1
 Sublimation of Blood     Necr           0%         N/A       100%        2
 Frozen Ramparts          Ice            0%         1d1       100%        3
 Inner Flame              Hex/Fire       0%         N/A       100%        3
 Cause Fear               Hex            0%         N/A       100%        4
 Hailstorm                Conj/Ice       0%         3d3       100%        4
 Petrify                  Tmut/Erth      0%         N/A       100%        4
 Irradiate                Conj/Tmut      0%         3d11      100%        5
 Discord                  Hex            0%         N/A       100%        8


Dungeon Overview and Level Annotations

Branches:
Dungeon (7/15)             Temple (1/1) D:4         Ossuary (visited)

Altars:
Ashenzari
Dithmenos
Qazlal
Trog
Yredelemnul
The Shining One


Innate Abilities, Weirdness & Mutations

You have a pair of horns on your head.
You reflexively headbutt those who attack you in melee.


Message History

You hit the orc. You headbutt the orc.
The orc is heavily wounded.
You block the orc warrior's attack. The orc warrior closely misses you.
You block the orc's attack.
The orc priest looks satisfied for a moment.
There is an open door here.
You closely miss the orc warrior. You slash the orc!
You kill the orc!
The orc warrior hits you with a +0 halberd.
You barely miss the orc warrior.
The orc warrior hits you with a +0 halberd!
The hound pauses to sniff the ground.
The orc warrior hits you with a +0 halberd!
You hit the orc warrior. Your headbutt misses the orc warrior.
The orc warrior is lightly wounded.
The orc warrior hits you with a +0 halberd!
You barely miss the orc warrior.
The orc warrior is lightly wounded.
The orc warrior barely misses you.
The orc warrior hits you with a +0 halberd.
* * * LOW HITPOINT WARNING * * *
You hit the orc warrior.
You headbutt the orc warrior, but do no damage.
The orc warrior is moderately wounded.
The orc warrior hits you with a +0 halberd!
* * * LOW HITPOINT WARNING * * *
You hit the orc warrior.
The orc warrior is moderately wounded.
The orc warrior hits you with a +0 halberd.
* * * LOW HITPOINT WARNING * * *
You barely miss the orc warrior.
You headbutt the orc warrior, but do no damage.
The orc warrior is moderately wounded.
The orc warrior barely misses you. You furiously retaliate!
You headbutt the orc warrior. You block the orc warrior's attack.
The orc priest looks encouraged for a moment.
You hit the orc warrior but do no damage.
The orc warrior is heavily wounded.
The orc warrior hits you with a +0 halberd!
You die...

####### ......( ####
$...... ########...
....... #......#.##### #
.......###........#...#.##
.......h##)....#.##<#.....
.......oo@......_.))..>.#
........##.....#.##.#...#
........###.......#.#...#
#.......# #.......#.. ..#
#.......# #.......###...#
#######.# #.......# ..z#
#.# #.......# ..# #.#
#######+# ...


You could see an orc warrior, a hound and an orc priest.

Vanquished Creatures
  Pikel (D:6)
  Prince Ribbit (D:6)
  A wyvern (D:7)
  A sky beast (D:6)
  A centaur (D:5)
  A phantom (D:5)
  A lemure (D:6)
  An elf zombie (Ossuary)
  A bullfrog (D:6)
  2 necrophages
  A scorpion (D:5)
  2 wights (D:7)
  A crimson imp (D:4)
  2 centaur zombies (Ossuary)
  An orc priest (D:5)
  A jelly (D:5)
  A human zombie (Ossuary)
  3 hounds (D:5)
  3 iguanas
  2 mummies (Ossuary)
  An adder (D:3)
  A white imp (D:6)
  An ufetubus (D:5)
  3 worms
  7 dart slugs
  10 orcs
  5 ball pythons
  5 endoplasms
  3 giant cockroaches
  6 goblins
  7 hobgoblins
  3 jackals
  3 kobolds
  5 quokkas
  3 bats
  7 frilled lizards
  A goblin skeleton (D:4)
  10 hobgoblin zombies
  2 jackal zombies (Ossuary)
  A kobold skeleton (D:4)
  11 kobold zombies
  An orc skeleton (D:4)
  14 orc zombies
  4 rats
  3 rat zombies (Ossuary)
145 creatures vanquished.

Notes
Turn   | Place    | Note
-------+----------+-------------------------------------------
     0 | D:1      | GigaChad the Minotaur Fighter began the quest for the Orb.
     0 | D:1      | Reached XP level 1. HP: 19/19 MP: 0/0
    42 | D:1      | Identified a scroll of acquirement
    42 | D:1      | Acquired the ring "Doriecac" {Fire rN+ Dex+3 SInv}
   184 | D:1      | Reached XP level 2. HP: 27/27 MP: 1/1
   475 | D:1      | Reached skill level 4 in Fighting
   501 | D:2      | Reached XP level 3. HP: 22/33 MP: 2/2
  1479 | D:3      | Reached skill level 5 in Fighting
  1482 | D:3      | Reached XP level 4. HP: 26/42 MP: 3/3
  2024 | D:3      | Found a faded altar of an unknown god.
  2109 | D:4      | Found a glowing golden altar of the Shining One.
  2122 | D:4      | Reached skill level 6 in Fighting
  2122 | D:4      | Reached XP level 5. HP: 49/50 MP: 4/4
  2480 | D:4      | Found a staircase to the Ecumenical Temple.
  2501 | Temple   | Entered the Ecumenical Temple
  2538 | Temple   | Became a worshipper of Ashenzari the Shackled
  2692 | D:5      | Entered Level 5 of the Dungeon
  2694 | D:5      | Found a bloodstained altar of Trog.
  2703 | D:5      | Reached skill level 7 in Fighting
  2815 | D:5      | Reached XP level 6. HP: 25/60 MP: 5/5
  3056 | D:5      | Reached skill level 8 in Fighting
  3140 | D:5      | Reached skill level 9 in Fighting
  3292 | D:5      | Reached XP level 7. HP: 67/70 MP: 6/6
  3822 | D:6      | Noticed Prince Ribbit
  3832 | D:6      | Killed Prince Ribbit
  3833 | D:6      | Reached skill level 10 in Fighting
  3886 | D:6      | Noticed Pikel
  3905 | D:6      | Killed Pikel
  3906 | D:6      | Reached skill level 11 in Fighting
  3906 | D:6      | Reached XP level 8. HP: 42/83 MP: 7/7
  4136 | D:6      | Found a sand-covered staircase.
  4144 | Ossuary  | Entered an ossuary
  4186 | Ossuary  | Reached skill level 12 in Fighting
  4738 | D:6      | Found a stormy altar of Qazlal.
  4744 | D:6      | Reached skill level 13 in Fighting
  5203 | D:7      | Found a shadowy altar of Dithmenos.
  5215 | D:7      | Reached XP level 9. HP: 52/94 MP: 8/8
  5600 | D:7      | Slain by an orc warrior

Illustrated notes

Levels and vault maps discovered:
D:1:      minmay_arrival_widening_spiral_wide, layout_rooms,
          serial_bayou_pond_b, minmay_crystal_room, st_stairs_3
D:2:      layout_basic, hex_tiny, minmay_tetromino_o2
D:3:      layout_rooms, hellmonk_ecumenical_altar_inner_sanctum, st_stairs_8,
          grunt_ministairs_6
D:4:      layout_cave_pods, nicolae_tso_besieged_by_evil,
          minmay_temple_entry_arrows
D:5:      layout_rooms, kennysheep_little_box
D:6:      layout_basic, general_overflow_altar, chequers_ossuary_entry_cave,
          minmay_a_box_with_orc_wizards_in_it, uniq_pikel, uniq_prince_ribbit1
D:7:      layout_basic, lemuel_crystal_altar
Temple:   bh_familiar_temple

Skill      XL: |  1  2  3  4  5  6  7  8 |
---------------+-------------------------+-----
Armour         | 4 |  4.1
Shields        | 4 |  4.0
Axes           | 3 |  3.0
Fighting       | 4 5 6 7 9 11 13 | 13.9

Action                   |  1- 3 |  4- 6 |  7- 9 || total
-------------------------+-------+-------+-------++-------
Melee: War axe           |    74 |   101 |   128 ||   303
       Headbutt          |     9 |    19 |    23 ||    51
Invok: Curse Item        |       |       |     1 ||     1
  Use: Scroll            |     1 |     1 |       ||     2
Armor: Scale mail        |    57 |    56 |       ||   113
       Chain mail        |       |     4 |   102 ||   106
Dodge: Dodged            |    58 |    48 |    63 ||   169
Block: Buckler           |    27 |    27 |    53 ||   107
